 Dungeon Crawl Stone Soup version 0.29.0-4-gdea44cf6ec (webtiles) character file.

Game seed: 14529228920630618008

53 qw the Sneak (level 3, -1/29 HPs)
             Began as a Ghoul Enchanter on Sept 8, 2022.
             Slain by a hound (4 damage)
             ... on level 4 of the Dungeon.
             The game lasted 00:01:00 (3190 turns).

qw the Sneak (Ghoul Enchanter)                      Turns: 3190, Time: 00:01:00

Health: -1/29      AC:  8    Str: 12 (13) XL:     3   Next: 87%
Magic:  4/4        EV:  5    Int:  9 (10) God:
Gold:   127        SH:  0    Dex:  9      Spells: 5/5 levels left

rFire   . . .      SeeInvis .   Y - +0 hand axe
rCold   + . .      Faith    .   (no shield)
rNeg    + + +      Spirit   .   g - +0 chain mail
rPois   inf        Reflect  .   (no helmet)
rElec   .          Harm     .   (no cloak)
rCorr   .          Rampage  .   (no gloves)
Will    .....                   (no boots)
Stlth   ..........              (no amulet)
HPRegen 0.00/turn               (no ring)
MPRegen 0.09/turn               (no ring)

@: inhibited regen, hasted, very quick
A: claws 1, cold resistance 1, negative energy resistance 3, inhibited
regeneration, torment resistance 2, devour on kill
a: no special abilities


You were on level 4 of the Dungeon.
You visited 1 branch of the dungeon, and saw 6 of its levels.

You collected 127 gold pieces.


Innate Abilities, Weirdness & Mutations

You are immune to poison.
You have sharp fingernails.
Your flesh is cold resistant. (rC+)
You are immune to negative energy. (rN+++)
You do not regenerate when monsters are visible.
You are immune to unholy pain and torment.
You thrive by killing the living.


   Skills:
 - Level 2.1 Fighting
 - Level 0.8 Short Blades
 + Level 2.3 Axes
 - Level 1.7 Dodging
 - Level 3.2 Stealth
 - Level 1.7 Spellcasting
 - Level 2.4 Hexes


You had 5 spell levels left.
You didn't know any spells.
Your spell library contained the following spells:

 Spells                   Type           Power      Damage    Failure   Level
 Ensorcelled Hibernation  Hex/Ice        4%         N/A       100%        2
 Confusing Touch          Hex            5%         N/A       100%        3
 Dazzling Flash           Conj/Hex       4%         N/A       100%        3
 Tukima's Dance           Hex            5%         N/A       100%        3

Inventory:

Hand Weapons
 a - a +0 whip
 Y - a +0 hand axe (weapon)
Armour
 g - a +0 chain mail (worn)
Potions
 c - a potion of attraction {unknown}
 f - a potion of mutation
 h - a potion of haste
 i - 3 potions of might

Dungeon Overview and Level Annotations

Branches:
Dungeon (6/15)
 Temple: D:4-7

Altars:
Uskayaw

Shops:
D:1 !   D:2 (


Message History

You hit the orc priest.
The orc priest is almost dead.
You closely miss the hound. You closely miss the orc. You hit the orc.
The hound bites you.
You hit the orc priest but do no damage.
The orc priest is almost dead.
You hit the orc. You closely miss the hound. You barely miss the orc.
The hound bites you. The orc hits you but does no damage.
The orc priest hits you but does no damage.
The orc completely misses you. The hound bites you but does no damage.
You closely miss the orc priest.
The orc priest is almost dead.
You hit the hound but do no damage. You hit the orc. x2
You kill the orc!
You feel better. The orc priest hits you with a +0 mace.
The orc hits you but does no damage. The hound bites you.
You closely miss the orc priest.
The orc priest is almost dead.
You hit the orc.
You kill the orc!
You hit the orc but do no damage. You hit the hound. The hound bites you.
The orc barely misses you. The orc priest hits you with a +0 mace.
You completely miss the orc priest.
The orc priest is almost dead.
You hit the hound. You hit the orc but do no damage.
The hound barely misses you. The orc hits you with a +0 mace.
The orc priest hits you with a +0 mace.
You hit the orc priest but do no damage.
The orc priest is almost dead.
You hit the hound but do no damage. You closely miss the orc.
The hound bites you. The hound completely misses you.
The orc priest barely misses you. The orc barely misses you.
You closely miss the orc priest.
The orc priest is almost dead.
You hit the orc but do no damage. You hit the hound.
The hound stops to sniff the ground.
The hound bites you.
You die...

#.........
#........#+#
#..........#
o........#
....#...# .##
#..#...#
....<#ho#...#
......)@o...#
.##...........#
#........##.#
#....$.....
##+#....###.#
#....# # #...(#
.....#


You could see a hound, an orc priest and an orc.

Vanquished Creatures
  An adder (D:5)
  4 orcs
  3 ball pythons
  5 endoplasms
  4 giant cockroaches
  3 hobgoblins (D:1)
  4 jackals (D:4)
  A bat (D:2)
  4 goblins
  5 kobolds
  2 rats (D:1)
36 creatures vanquished.

Notes
Turn   | Place    | Note
-------+----------+-------------------------------------------
     0 | D:1      | qw the Ghoul Enchanter began the quest for the Orb.
     0 | D:1      | Reached XP level 1. HP: 14/14 MP: 2/2
     0 | D:1      | 0 ||| qw: Version: 0.1-a-112-g44dc6cd
     0 | D:1      | 0 ||| qw: Game counter: 6646
     0 | D:1      | 0 ||| qw: Always use a shield: true
     0 | D:1      | 0 ||| qw: God list: Okawaru
     0 | D:1      | 0 ||| qw: Allow faded altars: false
     0 | D:1      | 0 ||| qw: Do Orc after D:15 true
     0 | D:1      | 0 ||| qw: Do second Lair branch before Depths: true
     0 | D:1      | 0 ||| qw: Lair rune preference: random
     0 | D:1      | 0 ||| qw: Plans: Normal
     0 | D:1      | 0 ||| PLANNING D:1-11
   183 | D:1      | 183 ||| SWAPPING to +0 hand axe.
   184 | D:1      | 184 ||| DROPPING +1 dagger.
   195 | D:1      | 195 ||| Stepping ~*~*~tactically~*~*~ (stealth).
   483 | D:1      | Reached skill level 1 in Axes
   696 | D:1      | Reached skill level 1 in Fighting
   696 | D:1      | Reached XP level 2. HP: 20/23 MP: 3/3
  1267 | D:1      | Found a faded altar of an unknown god.
  1426 | D:1      | Found Losozi's Distillery.
  1434 | D:1      | 1434 ||| SHOPLISTING 2 potions of curing (72 gold, have
                  | 70).
  1434 | D:1      | 1434 ||| SHOPLISTING potion of resistance (120 gold, have
                  | 70).
  2002 | D:1      | 2002 ||| UPGRADING to +0 ring mail.
  2012 | D:1      | 2012 ||| DROPPING +0 robe.
  2013 | D:1      | 2013 ||| READING scroll labelled WUTYJE XABAYH.
  2014 | D:1      | 2014 ||| READING scroll labelled RUNIEV INUCOOKIEP.
  2015 | D:1      | 2015 ||| DROPPING 2 potions of invisibility.
  2080 | D:2      | Found Goacionk's Antique Weapon Shoppe.
  2091 | D:2      | Reached XP level 3. HP: 26/28 MP: 4/4
  2112 | D:2      | 2112 ||| SHOPLISTING flail (91 gold, have 81).
  2112 | D:2      | 2112 ||| SHOPLISTING glowing broad axe (182 gold, have 81).
  2411 | D:2      | 2411 ||| Stepping ~*~*~tactically~*~*~ (hiding).
  2420 | D:2      | HP: 4/28 [orc/+0 trident (6)]
  3052 | D:2      | 3052 ||| UPGRADING to +0 chain mail.
  3062 | D:2      | 3062 ||| DROPPING +0 ring mail.
  3063 | D:2      | 3063 ||| READING scroll labelled KESTRE FIZURR.
  3064 | D:2      | 3064 ||| READING scroll labelled BAFRULATUN.
  3065 | D:2      | 3065 ||| READING scroll labelled JANYPRITIG.
  3066 | D:2      | 3066 ||| DRINKING 2 gluggy clear potions.
  3067 | D:2      | 3067 ||| DRINKING 4 sapphire potions.
  3091 | D:3      | You fall into a shaft and drop 3 floors!
  3098 | D:6      | Found a hide-covered altar of Uskayaw.
  3100 | D:5      | Entered Level 5 of the Dungeon
  3107 | D:5      | Identified the +1 robe "Usuameol" {rF+ Str+3 Int-3}
  3160 | D:5      | 3160 ||| DRINKING 2 emerald potions.
  3172 | D:4      | 3172 ||| Stepping ~*~*~tactically~*~*~ (stealth).
  3188 | D:4      | HP: 7/29 [orc priest/+0 mace (3)]
  3189 | D:4      | HP: 3/29 [hound (4)]
  3190 | D:4      | Slain by a hound

Levels and vault maps discovered:
D:1:      dpeg_arrival_short_road, layout_basic, serial_shops, shop,
          shapermc_ecumenical_altar_mp_highgroup, supply_closet_lemuel,
          chequers_serial_rivers_marsh
D:2:      layout_basic, serial_shops, nicolae_shop_stone
D:3:      layout_rooms, ebering_ghost_rock_garden
D:4:      layout_basic
D:5:      layout_basic, nicolae_ru_awakened_eye, minmay_misc_feat_ornament,
          minivault_11, uniq_sigmund, uniq_crazy_yiuf_cottage
D:6:      layout_loops_ring, overflow_temple_1_default,
          nicolae_uskayaw_dance_hall, temple_statues, serial_shops,
          kennysheep_little_box, minmay_fractal_squares_5

Skill      XL: |  1  2  3 |
---------------+----------+-----
Axes           | 1 2 |  2.3
Fighting       | 1 2 |  2.1
Short Blades   | |  0.8
Dodging        | |  1.7
Stealth        | |  3.2
Spellcasting   | |  1.7
Hexes          | |  2.4

Action                   || total
-------------------------++-------
Melee: Hand axe          ||   126
       Dagger            ||     4
       Punch             ||     3
  Use: Scroll            ||     5
       Potion            ||     3
 Stab: Sleeping          ||     1
Armor: Robe              ||     9
       Ring mail         ||    10
       Chain mail        ||    19
Dodge: Dodged            ||    74

Table legend:
 A = Non-vault XP
 B = Vault XP
 C = Vault XP percentage of total XP
 D = Non-vault monster count
 E = Vault monster count
 F = Vault count percentage of total count
                 A         B        C        D         E       F
            +---------+---------+-------+---------+---------+-------
      Total |      76 |       0 |   0.0 |      36 |       0 |   0.0
            +---------+---------+-------+---------+---------+-------
        D:1 |      32 |       0 |   0.0 |      20 |       0 |   0.0
        D:2 |      14 |       0 |   0.0 |       8 |       0 |   0.0
        D:4 |      17 |       0 |   0.0 |       7 |       0 |   0.0
        D:5 |      13 |       0 |   0.0 |       1 |       0 |   0.0
            +---------+---------+-------+---------+---------+-------
